 Dungeon Crawl Stone Soup version 0.31-a0-1395-g7c67ea8c80 (webtiles) character file.

Game seed: 9535022871317101756

477 katzbalger the Covered (level 6, 28/53 HPs)
             Began as an Armataur Fighter on Dec 25, 2023.
             Quit the game on level 4 of the Dungeon.
             The game lasted 00:12:20 (3983 turns).

katzbalger the Covered (Armataur Fighter)           Turns: 3983, Time: 00:12:21

Health: 28/53      AC:  8    Str: 21    XL:     6   Next: 85%
Magic:  6/6        EV:  7    Int:  8    God:
Gold:   164        SH:  5    Dex: 12    Spells: 5/5 levels left

rFire   . . .        a - +0 flail (flame)
rCold   . . .        c - +0 buckler
rNeg    . . .        b - +0 scale mail
rPois   .            (no helmet)
rElec   .            (no cloak)
rCorr   .            l - +0 pair of gloves
SInv    .            (no barding)
Will    .....        (no amulet) Stlth
                     (no ring)
HPRegen 0.28/turn    (no ring)
MPRegen 0.10/turn

%: roll
@: no status effects
A: large, deformed body, tough skin 3, armoured tail, roll 1
a: no special abilities


You were on level 4 of the Dungeon.
You visited 1 branch of the dungeon, and saw 5 of its levels.

You collected 259 gold pieces.
You spent 95 gold pieces at shops.

Inventory:

Hand Weapons
 a - a +0 flail of flaming (weapon)
 s - a +0 club
Missiles
 o - a throwing net
 q - 5 boomerangs (quivered)
 t - 16 poisoned darts
Armour
 b - a +0 scale mail (worn)
 c - a +0 buckler (worn)
 l - a +0 pair of gloves (worn)
Wands
 m - a wand of roots (7)
Scrolls
 f - 2 scrolls of teleportation {unknown}
 g - 2 scrolls of immolation {unknown}
 i - 4 scrolls of identify {unknown}
 j - a scroll of vulnerability {unknown}
 k - a scroll of poison {unknown}
 n - 2 scrolls of blinking {unknown}
 r - a scroll of fear {unknown}
Potions
 d - 2 potions of might
 e - 2 potions of mutation {unknown}
 h - a potion of brilliance {unknown}
 p - 2 potions of curing {unknown}


   Skills:
 * Level 4.6 Fighting
 * Level 4.1 Maces & Flails
 + Level 5.0 Armour
 + Level 4.5 Shields


You had 5 spell levels left.
You didn't know any spells.
Your spell library contained the following spells:

 Spells                   Type           Power      Damage    Failure   Level
 Apportation              Tloc           0%         N/A       80%         1
 Necrotise                Necr           0%         1d4       80%         1
 Sting                    Conj/Alch      0%         1d3       80%         1
 Summon Small Mammal      Summ           0%         N/A       80%         1
 Simulacrum               Ice/Necr       0%         N/A       100%        6
 Ozocubu's Refrigeration  Ice            0%         4d7       100%        7
 Polar Vortex             Ice            0%         N/A       100%        9


Dungeon Overview and Level Annotations

Branches:
Dungeon (5/15)
 Temple: D:4-7

Altars:

Shops:
D:2 ?


Innate Abilities, Weirdness & Mutations

Armour fits poorly on your strangely shaped body.
You have extremely tough skin. (AC +3)
You have a long armoured tail.
You regenerate magic when rolling toward enemies. (Rampage MPRegen)


Message History

You barely miss the gnoll. You tail-slap the gnoll!
The gnoll is heavily wounded.
The adder bites you but does no damage. You block the gnoll's attack.
You hit the gnoll. You burn the gnoll.
The gnoll is severely wounded.
The adder bites you but does no damage. You block the gnoll's attack.
You block the adder's attack.
You hit the gnoll. You burn the gnoll.
You kill the gnoll!
The adder barely misses you. You block the adder's attack. The adder bites you.
Things that are here:
a +0 club; a gnoll corpse You hit the adder.
You burn the adder.
The adder is severely wounded.
The adder bites you but does no damage.
You miss the adder.
Your tail-slap misses the adder.
The adder is severely wounded.
The adder bites you but does no damage. The adder barely misses you.
You hit the adder but do no damage.
The adder is severely wounded.
The adder bites you but does no damage.
You barely miss the adder.
The adder is severely wounded.
The adder bites you.
You are poisoned.
The adder poisons you! The adder bites you but does no damage.
You sock the adder! You burn the adder.
You kill the adder!
You feel sick.
No target in view!
You feel sick.
There is a stone staircase leading down here.
You feel sick.
Things that are here:
a +0 club; a gnoll corpse You start resting.
You feel sick.
You are no longer poisoned.
Clearing monster memory.
Are you sure you want to abandon this character and quit the game? (Confirm with "yes".)

....#....##.##[#############
).#[#.####.....##..........#
..#.>.####...####..........#
.....###...................#
#.#..##......###############
#.#..##..##.## ..#.....###.#
............########
........#####...@>.##
....###.####........## ....#
#..##..........#
....####.............#
.....................#
.....####............#
...#.................#
...########.>.......##
.).#### #.........##


There were no monsters in sight!

Vanquished Creatures
  A kobold brigand (D:4)
  A hound (D:5)
  2 orc priests (D:4)
  An iguana (D:4)
  An orc wizard (D:4)
  9 adders
  4 gnolls (D:4)
  2 worms
  A dart slug (D:4)
  17 orcs
  5 endoplasms
  5 giant cockroaches
  7 goblins
  8 hobgoblins
  2 jackals (D:2)
  9 quokkas
  6 ball pythons
  6 bats
  3 frilled lizards
  27 kobolds
  6 rats
123 creatures vanquished.

Vanquished Creatures (others)
  2 kobolds (D:4)
2 creatures vanquished.

Grand Total: 125 creatures vanquished

Notes
Turn   | Place    | Note
-------+----------+-------------------------------------------
     0 | D:1      | katzbalger the Armataur Fighter began the quest for the
                  | Orb.
     0 | D:1      | Reached XP level 1. HP: 18/18 MP: 1/1
    93 | D:1      | Reached XP level 2. HP: 24/25 MP: 2/2
   560 | D:2      | Reached XP level 3. HP: 21/31 MP: 3/3
   758 | D:2      | Reached skill level 4 in Armour
  1223 | D:2      | Reached XP level 4. HP: 38/38 MP: 4/4
  1399 | D:2      | Found Ureurirch's Magic Scroll Emporium.
  1402 | D:2      | Bought a scroll of brand weapon for 95 gold pieces
  1514 | D:3      | You fall into a shaft and drop 1 floor!
  2648 | D:3      | Reached XP level 5. HP: 40/46 MP: 5/5
  3224 | D:4      | Reached XP level 6. HP: 52/52 MP: 6/6
  3898 | D:5      | Entered Level 5 of the Dungeon
  3946 | D:5      | Reached skill level 5 in Armour
  3983 | D:4      | Quit the game

Illustrated notes

Levels and vault maps discovered:
D:1:      spicycebolla_arrival_ecumenical, layout_rooms
D:2:      layout_basic, serial_shops, nicolae_shop_rolled_up,
          hangedman_decor_riveting
D:3:      minmay_skewed_foursquare, layout_basic, minmay_between
D:4:      kennysheep_kobold_camp, layout_rooms
D:5:      kb_forest_paths, layout_loops_ring, uniq_blork_the_orc

Skill      XL: |  1  2  3  4  5  6 |
---------------+-------------------+-----
Maces & Flails | 2 3 4 |  4.1
Fighting       | 3 4 |  4.6
Armour         | 4 5 |  5.0
Shields        | 4 |  4.5

Action                     |  1- 3 |  4- 6 || total
---------------------------+-------+-------++-------
  Melee: Flail             |   116 |   243 ||   359
         Tailslap          |    12 |    27 ||    39
  Throw: Boomerang         |       |    42 ||    42
    Use: Scroll            |       |     1 ||     1
 Armour: Scale mail        |    89 |   223 ||   312
  Dodge: Dodged            |    43 |    80 ||   123
  Block: Buckler           |    23 |    62 ||    85

Table legend: (Time is in decaauts)
 A = Elapsed time spent in this place.
 B = Non-inter-level travel time spent in this place.
 C = Inter-level travel time spent in this place.
 D = Time resting spent in this place.
 E = Time spent auto-exploring this place.
 F = Levels seen in this place.
 G = Mean time per level.
                   A        B        C        D        E       F      G
               +--------+--------+--------+--------+--------+-----+--------+
         Total |   4103 |   3889 |    214 |    417 |   2456 |   5 |  820.6 |
       Dungeon |   4103 |   3889 |    214 |    417 |   2456 |   5 |  820.6 |
               +--------+--------+--------+--------+--------+-----+--------+

Top non-repeatable levels by time:
     D:3: 1632 daAuts
     D:4: 959 daAuts
     D:2: 846 daAuts
     D:1: 612 daAuts
     D:5: 52 daAuts
